 Dungeon Crawl Stone Soup version 0.22-a0-580-gd5db89c (webtiles) character file.

44 wellist the Covered (level 3, -2/33 HPs)
             Began as a Minotaur Fighter on July 3, 2018.
             Was an Initiate of Okawaru.
             Slain by Sigmund
             ... wielding a +4 scythe of venom
              (4 damage)
             ... on level 2 of the Dungeon.
             The game lasted 00:06:16 (792 turns).

wellist the Covered (Minotaur Fighter)               Turns: 792, Time: 00:06:17

Health: -2/33      AC:  9    Str: 21    XL:     3   Next: 39%
Magic:  2/2        EV:  5    Int:  5    God:    Okawaru [......]
Gold:   71         SH:  0    Dex:  9    Spells: 2/2 levels left

rFire    . . .     SeeInvis .   a - +0 war axe
rCold    . . .     Gourm    .   c - +0 shield
rNeg     + . .     Faith    .   m - +0 chain mail
rPois    .         Spirit   .   (helmet restricted)
rElec    .         Reflect  .   (no cloak)
rCorr    .         Harm     .   (no gloves)
MR       .....                  (no boots)
Stlth    ..........             (no amulet)
HPRegen  0.11/turn              i - ring of stealth
MPRegen  0.08/turn              n - ring of positive energy

@: confused, lethally poisoned (-2 -> -25)
A: retaliatory headbutt, horns 2
a: Renounce Religion


You were on level 2 of the Dungeon.
You worshipped Okawaru.
Okawaru was noncommittal.
You were not hungry.

You visited 1 branch of the dungeon, and saw 2 of its levels.

You collected 71 gold pieces.

Inventory:

Hand Weapons
 a - a +0 war axe (weapon)
Armour
 c - a +0 shield (worn)
 m - a +0 chain mail (worn)
Jewellery
 i - a ring of stealth (left hand)
 n - a ring of positive energy (right hand)
Scrolls
 b - a scroll of remove curse {unknown}
 e - a scroll of amnesia {unknown}
 h - a scroll of noise {unknown}
 j - a scroll of immolation {unknown}
 k - 3 scrolls of identify {unknown}
Potions
 d - a potion of might
 g - a potion of heal wounds {unknown}
 l - a potion of flight {unknown}
Comestibles
 f - 3 rations


   Skills:
 + Level 4.2 Fighting
 + Level 3.3 Axes
 + Level 4.3 Armour
 - Level 3.6 Shields


You had 2 spell levels left.
You didn't know any spells.
Your spell library was empty.

Dungeon Overview and Level Annotations

Branches:
Dungeon (2/15)

Altars:
Okawaru

Annotations:
D:2 Sigmund


Innate Abilities, Weirdness & Mutations

You reflexively headbutt those who attack you in melee.
You have a pair of horns on your head.


Message History

The jackal bites you. You block something's attack.
The jackal barely misses you. You furiously retaliate!
You headbutt the jackal.
You kill the jackal!
Okawaru accepts your kill.
You hit something but do no damage. Your headbutt misses something.
You feel sick.
You hear some strange, mumbled words.
Something tries to affect you, but you resist.
You closely miss something. You headbutt something.
You feel sick.
You hear some strange, mumbled words.
You are confused.
You barely miss something. You headbutt something!
* * * LOW HITPOINT WARNING * * *
You feel sick. Something hits you.
* * * LOW HITPOINT WARNING * * *
You are more poisoned.
You bump into the rock wall.
* * * LOW HITPOINT WARNING * * *
You feel sick. Something hits you.
You die...

#..#
#.........#
#.(#
##.......##
#..#
#.........#
#<.#
#......###.#
######..#
#.#...## #
#.......#
#......
#.####.##
###..### ##.
#.# #.# #..#
.. #.# #@#
#.# #.#
#{....+ ..
#)# #.###.#
#. #.# #.#
#.##.####.#
#.......+..
#....<..###
#.##.##......
#. #.# ###.#


There were no monsters in sight!

Vanquished Creatures
  An adder (D:2)
  An ooze (D:1)
  A leopard gecko (D:1)
  2 giant cockroaches (D:1)
  3 goblins (D:1)
  3 hobgoblins (D:1)
  5 jackals (D:2)
  3 kobolds (D:1)
  3 bats (D:1)
  5 frilled lizards
  A rat (D:1)
28 creatures vanquished.

Notes
Turn   | Place    | Note
-------+----------+-------------------------------------------
     0 | D:1      | wellist the Minotaur Fighter began the quest for the Orb.
     0 | D:1      | Reached XP level 1. HP: 19/19 MP: 0/0
   136 | D:2      | Reached XP level 2. HP: 21/27 MP: 1/1
   283 | D:1      | Found an iron altar of Okawaru.
   298 | D:1      | Became a worshipper of Warmaster Okawaru
   352 | D:1      | Reached XP level 3. HP: 27/33 MP: 2/2
   783 | D:2      | Noticed Sigmund
   792 | D:2      | Slain by Sigmund

Vault maps used:
D:1:      shiori_shiawase, okawaru_ov_weapons_minmay
D:2:      zin_purify, nicolae_gozag_cash_rules_everything_around_me,
          minmay_misc_feat_encased, uniq_sigmund

Skill      XL: |  1  2 |
---------------+-------+-----
Fighting       | 4 |  4.2
Armour         | 4 |  4.3
Axes           | 3 |  3.3
Shields        | |  3.6

Action                   || total
-------------------------++-------
Melee: War axe           ||    76
       Headbutt          ||     9
Armor: Scale mail        ||    33
       Chain mail        ||    16
Dodge: Dodged            ||    22
Block: Shield            ||    37

Table legend:
 A = Spawn XP
 B = Non-spawn XP
 C = Spawn XP percentage of total XP
 D = Spawn monster count
 E = Non-spawn monster count
 F = Spawn count percentage of total count
 G = Total turns spent on level
                    A         B        C        D         E        F      G
               +---------+---------+-------+---------+---------+-------+---------
         Total |       0 |      63 |   0.0 |       0 |      28 |   0.0 |   792
               +---------+---------+-------+---------+---------+-------+---------
           D:1 |       0 |      38 |   0.0 |       0 |      21 |   0.0 |   720
           D:2 |       0 |      25 |   0.0 |       0 |       7 |   0.0 |    72
               +---------+---------+-------+---------+---------+-------+---------
